[Event "Titled Tuesday Blitz February 14 Early 2023"]
[White "Bacrot, Etienne"]
[Black "Jakubowski, Krzysztof"]
[WhiteFideId "605506"]
[BlackFideId "1112848"]
[WhiteElo "2667"]
[BlackElo "2486"]
[Result "1-0"]
[Round "03"]
[TimeControl "180+2"]
[Date "2023.02.15"]
[WhiteClock "0:00:05"]
[BlackClock "0:00:01"]

1. e4 c5 2. Nf3 e6 3. c3 Nf6 4. e5 Nd5 5. d4 cxd4 6. cxd4 d6 7. a3 Bd7 8. Nbd2 Bc6 9. Ne4 dxe5 10. dxe5 Nd7 11. Bd3 Qc7 12. Nd6+ Bxd6 13. exd6 Qxd6 14. O-O O-O 15. Re1 h6 16. Nd4 Rac8 17. Nxc6 Rxc6 18. Bd2 Rfc8 19. Bb5 R6c7 20. Bf1 Qb6 21. b4 N7f6 22. Bd3 Rd7 23. Qf3 Rcd8 24. Rad1 Qc7 25. Bb5 Rd6 26. g3 Qc2 27. Bd3 Qb2 28. Bc1 Qc3 29. Bd2 Qc6 30. Bc1 Qa4 31. Be2 Rc8 32. Rd3 Rdc6 33. Bd2 Qc2 34. Rd4 Qa2 35. Bd3 Qb2 36. Rb1 Qa2 37. Re1 Kf8 38. Bb1 Qb2 39. Qd3 R6c7 40. b5 b6 41. Bb4+ Kg8 42. Bd2 Rc5 43. h4 1-0


[Site "https://www.chess.com"]

[Event "Titled Tuesday Blitz February 14 Early 2023"]
[White "Seemann, Jakub"]
[Black "Indjic, Aleksandar"]
[WhiteFideId "21874697"]
[BlackFideId "911925"]
[WhiteElo "2446"]
[BlackElo "2618"]
[Result "0-1"]
[Round "03"]
[TimeControl "180+2"]
[Date "2023.02.15"]
[WhiteClock "0:00:25"]
[BlackClock "0:01:26"]

1. Nf3 d5 2. e3 Nf6 3. c4 e6 4. b3 Bd6 5. Bb2 b6 6. Nc3 a6 7. cxd5 exd5 8. Rc1 Bb7 9. d4 Nbd7 10. Bd3 Qe7 11. O-O h5 12. Ne2 O-O-O 13. b4 Kb8 14. Qa4 b5 15. Qb3 Ne4 16. a4 c6 17. Bxe4 dxe4 18. Ne5 Nxe5 19. dxe5 Bxb4 20. Nd4 c5 21. axb5 cxd4 22. Rc4 a5 23. Rxd4 Rxd4 24. Bxd4 Rc8 25. Ra1 Qe6 26. Qd1 g6 27. h3 Bd5 28. b6 Kb7 29. Qe2 Bc4 30. Qb2 Bd3 31. Rc1 Rxc1+ 32. Qxc1 Qc4 0-1


[Site "https://www.chess.com"]

[Event "Titled Tuesday Blitz February 14 Early 2023"]
[White "Vovk, Orest"]
[Black "Molina, Roberto Junio Brito"]
[WhiteFideId "14113490"]
[BlackFideId "2109450"]
[WhiteElo "2315"]
[BlackElo "2403"]
[Result "0-1"]
[Round "03"]
[TimeControl "180+2"]
[Date "2023.02.15"]
[WhiteClock "0:00:02"]
[BlackClock "0:01:50"]

1. h4 d5 2. h5 e5 3. h6 Nxh6 4. d4 exd4 5. Bxh6 gxh6 6. Qxd4 Rg8 7. Nc3 Be6 8. O-O-O Nc6 9. Qa4 Qd7 10. e4 d4 11. Bb5 O-O-O 12. Nf3 Bc5 13. Ne5 Qd6 14. Nxc6 bxc6 15. Bxc6 Kb8 16. Qa6 Bc8 17. Qb5+ Bb6 18. Nd5 Rg6 19. Nxb6 axb6 20. Bd5 Bb7 21. Bxb7 Kxb7 22. g3 c5 23. Qd3 Qc6 24. f4 c4 25. Qf3 Re6 26. Rhe1 d3 27. c3 Rde8 28. f5 Rxe4 29. Rxe4 Qxe4 30. Qh5 Qe3+ 31. Kb1 Re7 32. f6 Rd7 33. Qh1+ Kc7 34. Qf1 Rd6 35. a3 Qe2 36. Ka2 Qxf1 37. Rxf1 b5 38. Rd1 Rxf6 39. a4 Kb6 40. Ka3 Kc5 41. b4+ Kb6 42. a5+ Kc6 0-1


[Site "https://www.chess.com"]

[Event "Titled Tuesday Blitz February 14 Early 2023"]
[White "Kumala, Aleksander"]
[Black "Grigorjev, Iljya"]
[WhiteFideId "1141880"]
[BlackFideId "24159565"]
[WhiteElo "2165"]
[BlackElo "2426"]
[Result "0-1"]
[Round "03"]
[TimeControl "180+2"]
[Date "2023.02.15"]
[WhiteClock "0:00:03"]
[BlackClock "0:00:06"]

1. d4 Nf6 2. Bg5 d5 3. Bxf6 exf6 4. e3 Bd6 5. Bd3 O-O 6. Qf3 c5 7. c3 Qb6 8. b3 a5 9. Nd2 a4 10. Rb1 axb3 11. axb3 cxd4 12. exd4 Ra2 13. Ne2 g6 14. Qxf6 Re8 15. h4 Bf5 16. Bxf5 Rxd2 17. Bg4 Rc2 18. h5 Nd7 19. Qh4 Nf8 20. hxg6 fxg6 21. Bf3 Qa5 22. b4 Qa2 23. O-O Rcxe2 24. Bxe2 Qxe2 25. Qg5 Qe6 26. g3 Qf5 27. Qxf5 gxf5 28. Rfe1 Rc8 29. Re3 Kf7 30. Rbe1 Ng6 31. Kg2 f4 32. gxf4 Nxf4+ 33. Kf3 Ng6 34. Rh1 Kg7 35. Ke2 Bf4 36. Rf3 Bg5 37. Kd3 Nf4+ 38. Kc2 Ne6 39. Kd3 h6 40. Re1 Nf4+ 41. Kc2 Kf6 42. Re5 Kg6 43. Rg3 Ra8 44. Kb3 Ra1 45. Rf3 Rb1+ 46. Kc2 Rf1 47. Kb3 Rg1 48. Rg3 Rb1+ 49. Kc2 Rf1 50. Rf3 Rg1 51. Rg3 Rh1 52. Kb3 Rh2 53. Rf3 Rg2 54. Re8 Kf5 55. Re5+ Kg4 56. Rg3+ Rxg3 57. fxg3 Kxg3 58. c4 dxc4+ 59. Kxc4 Kg4 60. d5 h5 61. d6 h4 62. d7 Bf6 0-1


[Site "https://www.chess.com"]

[Event "Titled Tuesday Blitz February 14 Early 2023"]
[White "Madaminov, Mukhiddin"]
[Black "Lucassen, Mickey"]
[WhiteFideId "14210703"]
[BlackFideId "12919110"]
[WhiteElo "2422"]
[BlackElo "2023"]
[Result "1-0"]
[Round "03"]
[TimeControl "180+2"]
[Date "2023.02.15"]
[WhiteClock "0:00:23"]
[BlackClock "0:00:12"]

1. d4 Nf6 2. Nc3 d5 3. Bf4 a6 4. e3 e6 5. g4 Bd6 6. g5 Bxf4 7. exf4 Nfd7 8. Nf3 c5 9. Qd2 Nc6 10. O-O-O Qa5 11. a3 b5 12. dxc5 Nxc5 13. Nd4 Qb6 14. Nxc6 Qxc6 15. Qd4 O-O 16. h4 Nd7 17. h5 Qc5 18. Ne2 Bb7 19. Rh3 Rac8 20. Qxc5 Nxc5 21. Bg2 Rc7 22. Nd4 Rfc8 23. Re3 g6 24. h6 Kf8 25. b3 Ke7 26. f5 gxf5 27. Nxf5+ Kd7 28. Nd4 Bc6 29. Kb2 Rg8 30. f4 Nb7 31. Bf1 Nd6 32. Bd3 Rh8 33. f5 exf5 34. Nxf5 Ne4 35. Bxe4 1-0


[Site "https://www.chess.com"]

[Event "Titled Tuesday Blitz February 14 Early 2023"]
[White "Grigoriants, Sergey"]
[Black "Ljukin, Sergei"]
[WhiteFideId "4130804"]
[BlackFideId "14102200"]
[WhiteElo "2562"]
[BlackElo "2362"]
[Result "1-0"]
[Round "03"]
[TimeControl "180+2"]
[Date "2023.02.15"]
[WhiteClock "0:00:45"]
[BlackClock "0:00:04"]

1. d4 d5 2. c4 c6 3. Nf3 Nf6 4. Nc3 dxc4 5. a4 Bf5 6. Ne5 Na6 7. f3 Nd7 8. Nxc4 e5 9. e4 exd4 10. Ne2 Bb4+ 11. Kf2 Bc5 12. Nxd4 Nf6 13. Be3 Bg6 14. Nb3 Bxe3+ 15. Nxe3 Qb6 16. a5 Qb4 17. Qc2 O-O 18. Qc3 Qe7 19. Bxa6 bxa6 20. Nc5 Rab8 21. Rhd1 Rb5 22. b4 Rfb8 23. Nxa6 Rd8 24. Rxd8+ Qxd8 25. Rd1 Qe7 26. Qxc6 1-0


[Site "https://www.chess.com"]

[Event "Titled Tuesday Blitz February 14 Early 2023"]
[White "Petukhov, Dmitry"]
[Black "Maksimovic, Bojan"]
[WhiteFideId "4142748"]
[BlackFideId "14408120"]
[WhiteElo "2350"]
[BlackElo "2486"]
[Result "0-1"]
[Round "03"]
[TimeControl "180+2"]
[Date "2023.02.15"]
[WhiteClock "0:00:13"]
[BlackClock "0:00:06"]

1. e4 g6 2. h4 Nf6 3. e5 Nh5 4. d4 d6 5. exd6 cxd6 6. Be2 Nc6 7. c3 e5 8. Bg5 f6 9. Be3 Nf4 10. Bxf4 exf4 11. h5 g5 12. h6 d5 13. Bh5+ Kd7 14. Bg4+ Kc7 15. Bxc8 Qxc8 16. Nf3 Qe6+ 17. Qe2 Re8 18. Qxe6 Rxe6+ 19. Kd2 Ne7 20. Nh2 Bxh6 21. Na3 a6 22. Rae1 Rxe1 23. Rxe1 Kd7 24. c4 Bg7 25. cxd5 Nxd5 26. Nc4 Rc8 27. b3 b5 28. Na5 Bf8 29. a3 Bxa3 30. Ra1 Bb2 31. Ra2 Bc3+ 32. Ke2 Bb4 33. Kf3 h5 34. Ra1 Bc3 35. Ra3 Bb4 36. Ra1 f5 37. Ke2 Rc2+ 38. Kf1 g4 39. Nb7 Kc7 40. Nc5 Bxc5 41. dxc5 Kb7 42. Rxa6 Kxa6 0-1


[Site "https://www.chess.com"]

[Event "Titled Tuesday Blitz February 14 Early 2023"]
[White "Pichot, Alan"]
[Black "Forgacs, Attila Jr."]
[WhiteFideId "110973"]
[BlackFideId "773654"]
[WhiteElo "2638"]
[BlackElo "2264"]
[Result "1-0"]
[Round "03"]
[TimeControl "180+2"]
[Date "2023.02.15"]
[WhiteClock "0:01:33"]
[BlackClock "0:00:01"]

1. e4 e5 2. Nf3 Nc6 3. Bc4 Nf6 4. Ng5 d5 5. exd5 Na5 6. Bb5+ c6 7. dxc6 bxc6 8. Bd3 Nd5 9. Nf3 Bd6 10. O-O Nf4 11. Nc3 Nxd3 12. cxd3 O-O 13. Re1 Re8 14. b3 c5 15. Ne4 Nc6 16. Ba3 Bg4 17. h3 Bh5 18. Rc1 Nd4 19. g4 f5 20. Nxd6 fxg4 21. Nxd4 Qxd6 22. Nf5 Qg6 23. Ng3 Qg5 24. Bxc5 Qh4 25. Nxh5 Qxh3 26. Ng3 Re6 27. Qc2 h5 28. Qc4 Re8 29. Rxe5 h4 30. Rxe6 Rxe6 31. Qxe6+ Kh8 32. Qe8+ Kh7 33. Qh5+ Kg8 34. Re1 hxg3 35. Re8# 1-0


[Site "https://www.chess.com"]

[Event "Titled Tuesday Blitz February 14 Early 2023"]
[White "Samunenkov, Ihor"]
[Black "Mika, Tomasz"]
[WhiteFideId "14187086"]
[BlackFideId "1132970"]
[WhiteElo "2501"]
[BlackElo "2169"]
[Result "1-0"]
[Round "03"]
[TimeControl "180+2"]
[Date "2023.02.15"]
[WhiteClock "0:00:10"]
[BlackClock "0:00:13"]

1. e4 c6 2. d4 d5 3. e5 Bf5 4. Nf3 e6 5. Be2 c5 6. O-O Nc6 7. c3 Qb6 8. dxc5 Bxc5 9. b4 Be7 10. Be3 Qc7 11. Na3 Nxe5 12. Nd4 Nf6 13. Nab5 Qb8 14. Nxf5 exf5 15. Bf4 a6 16. Qd4 Nfd7 17. Qxd5 O-O 18. Nd4 g6 19. Rad1 Rd8 20. Ne6 fxe6 21. Qxe6+ Kf8 22. Bh6+ Ke8 23. Bg5 Nc6 24. Bc4 Nde5 25. Qg8+ Bf8 26. Bxd8 Nxd8 27. Rfe1 f4 28. Rxd8+ Kxd8 29. Qxf8+ Kc7 30. Qxb8+ Rxb8 31. Rxe5 Rd8 32. Rd5 Re8 33. Kf1 b5 34. Bb3 Kc6 35. Rd4 g5 36. f3 Re3 37. c4 Rc3 38. c5 Rc1+ 39. Rd1 Rc3 40. Ke2 Re3+ 41. Kd2 a5 42. Re1 Rxe1 43. Kxe1 axb4 44. Kd2 Kxc5 45. Kd3 h6 46. Ke4 Kd6 47. Kd4 Kc6 48. Ke5 1-0


[Site "https://www.chess.com"]

[Event "Titled Tuesday Blitz February 14 Early 2023"]
[White "Kilic, Eray"]
[Black "Fan_Of_Chucky"]
[WhiteFideId "44517173"]
[WhiteElo "2414"]
[BlackElo "2323"]
[Result "1-0"]
[Round "03"]
[TimeControl "180+2"]
[Date "2023.02.15"]
[WhiteClock "0:01:33"]
[BlackClock "0:01:36"]

1. e4 c5 2. Nf3 a6 3. c3 d5 4. exd5 Qxd5 5. d4 Nf6 6. Be3 cxd4 7. cxd4 e6 8. Nc3 Qd8 9. Bd3 Nc6 10. a3 Bd6 11. O-O O-O 12. Rc1 b5 13. Nxb5 axb5 14. Rxc6 Bb7 15. Rc1 b4 16. axb4 Bxb4 17. h3 Nd5 18. Bb1 Qb6 19. Ne5 Bd6 20. Qc2 Nf6 21. Nd7 1-0


[Site "https://www.chess.com"]

[Event "Titled Tuesday Blitz February 14 Early 2023"]
[White "Sammed Jaykumar, Shete"]
[Black "Andreikin, Dmitry"]
[WhiteFideId "5073421"]
[BlackFideId "4158814"]
[WhiteElo "2440"]
[BlackElo "2729"]
[Result "0-1"]
[Round "03"]
[TimeControl "180+2"]
[Date "2023.02.15"]
[WhiteClock "0:01:41"]
[BlackClock "0:00:44"]

1. c4 e6 2. b3 d5 3. Bb2 c5 4. cxd5 exd5 5. e3 Nc6 6. Nf3 Nf6 7. Bb5 Bd6 8. O-O O-O 9. d4 cxd4 10. Bxc6 bxc6 11. Qxd4 Bg4 12. Ba3 Bxf3 13. gxf3 Re8 14. Bxd6 Qxd6 15. Nc3 Re5 16. Ne2 c5 17. Qf4 Nh5 18. Qh4 d4 19. f4 Rd5 20. e4 Qg6+ 21. Ng3 Nxg3 22. exd5 Nxf1+ 23. Kxf1 h6 24. Qe7 Qh5 25. Qxc5 Qxh2 26. Re1 Qh1+ 0-1


[Site "https://www.chess.com"]

[Event "Titled Tuesday Blitz February 14 Early 2023"]
[White "Postnikov, Daniil"]
[Black "Paravyan, David"]
[WhiteFideId "4166329"]
[BlackFideId "4194985"]
[WhiteElo "2360"]
[BlackElo "2601"]
[Result "0-1"]
[Round "03"]
[TimeControl "180+2"]
[Date "2023.02.15"]
[WhiteClock "0:01:47"]
[BlackClock "0:02:26"]

1. e4 e5 2. f4 exf4 3. Nf3 g5 4. h4 g4 5. Ne5 d6 6. Nxg4 Nf6 7. Nf2 Qe7 8. Nc3 d5 9. d3 Bh6 10. Qf3 Nc6 11. Ne2 Ne5 0-1


[Site "https://www.chess.com"]

[Event "Titled Tuesday Blitz February 14 Early 2023"]
[White "Le, Tuan Minh"]
[Black "Panesar Vedant"]
[WhiteFideId "12401153"]
[BlackFideId "35033018"]
[WhiteElo "2542"]
[BlackElo "2387"]
[Result "1-0"]
[Round "03"]
[TimeControl "180+2"]
[Date "2023.02.15"]
[WhiteClock "0:00:56"]
[BlackClock "0:00:06"]

1. d4 Nf6 2. Nf3 d5 3. Bf4 c5 4. c3 Nc6 5. e3 Qb6 6. Qc2 g6 7. Nbd2 Bf5 8. dxc5 Qxc5 9. Qb3 Na5 10. Qa4+ Bd7 11. Nb3 Bxa4 12. Nxc5 Bc6 13. Ne5 e6 14. Nxc6 bxc6 15. Nb3 Nb7 16. Be5 Bg7 17. Ba6 Nd8 18. h3 Ke7 19. O-O-O Rg8 20. Bh2 Ne4 21. Rhf1 Bh6 22. Kc2 Nd6 23. Na5 Kd7 24. c4 Bf8 25. f3 Be7 26. e4 Rb8 27. c5 Rb4 28. cxd6 Bf6 29. e5 Ra4 30. Nb3 1-0


[Site "https://www.chess.com"]

[Event "Titled Tuesday Blitz February 14 Early 2023"]
[White "Fedoseev, Vladimir"]
[Black "Sadubayev, Airat"]
[WhiteFideId "24130737"]
[BlackFideId "13713264"]
[WhiteElo "2680"]
[BlackElo "2320"]
[Result "1-0"]
[Round "03"]
[TimeControl "180+2"]
[Date "2023.02.15"]
[WhiteClock "0:00:13"]
[BlackClock "0:00:02"]

1. e4 c6 2. d4 d5 3. exd5 cxd5 4. Bd3 Nc6 5. c3 Nf6 6. Bf4 Bg4 7. Qb3 Qd7 8. Nd2 e6 9. h3 Bh5 10. Ngf3 Bd6 11. Bg5 Qc7 12. O-O O-O 13. Rfe1 Rab8 14. a4 Rfc8 15. Re3 a6 16. Rae1 b5 17. axb5 axb5 18. Ne5 b4 19. Qa4 bxc3 20. bxc3 Bxe5 21. dxe5 Nd7 22. Bxh7+ Kxh7 23. Qh4 Kg8 24. Qxh5 Nf8 25. Nf3 Rb3 26. Qg4 Ne7 27. h4 Nf5 28. Rd3 Qc4 29. Qxc4 Rxc4 30. Rc1 Nd7 31. Nd2 Nc5 32. Rh3 Ra3 33. Nxc4 dxc4 34. g4 Nh6 35. Bxh6 gxh6 36. Rd1 Na4 37. Rd4 Nb2 38. Rf3 Ra7 39. Kg2 Rc7 40. Kg3 Kg7 41. h5 Na4 42. Re3 Nb6 43. Ree4 Rc5 44. f4 Ra5 45. f5 Ra3 46. f6+ Kh7 47. Re3 Nd5 48. Rf3 Nb6 49. Rd6 Rb3 50. Rd8 Nd5 51. Rf8 Rb7 52. Kh4 Rc7 53. g5 hxg5+ 54. Kxg5 Nb6 55. Kh4 Nd5 56. Rg3 1-0


[Site "https://www.chess.com"]

[Event "Titled Tuesday Blitz February 14 Early 2023"]
[White "Kvaloy, Aksel Bu"]
[Black "Lenderman, Aleksandr"]
[WhiteFideId "1528815"]
[BlackFideId "2021285"]
[WhiteElo "2321"]
[BlackElo "2572"]
[Result "0-1"]
[Round "03"]
[TimeControl "180+2"]
[Date "2023.02.15"]
[WhiteClock "0:00:01"]
[BlackClock "0:00:42"]

1. d4 c6 2. e4 g6 3. f4 d5 4. e5 h5 5. Nc3 Nh6 6. Nf3 Bg4 7. Be3 e6 8. Bf2 Nd7 9. h3 Bxf3 10. Qxf3 h4 11. Bd3 Nf5 12. Ne2 Qb6 13. O-O c5 14. c3 c4 15. Bxf5 gxf5 16. Rab1 Qc7 17. b3 b5 18. Kh1 Be7 19. Rb2 Nb6 20. Rc2 Kf8 21. Ng1 a5 22. Qe3 cxb3 23. axb3 a4 24. bxa4 bxa4 25. Ra1 Nc4 26. Qe1 a3 27. Nf3 Qd8 28. Nd2 Nxd2 29. Qxd2 Kg7 30. Rca2 Qc7 31. Qd3 Rhc8 32. Be1 Qc4 33. Qxc4 dxc4 34. Kg1 Rcb8 35. Bd2 Rb2 36. Bc1 Rb3 37. Rc2 Kf8 38. Kf2 Ke8 39. Ke2 Kd7 40. Kd2 Kc6 41. Rca2 Kd5 42. Rc2 Ra4 43. Ke3 Bb4 44. Bd2 Ba5 45. Kf3 Bb6 46. Ke2 Ke4 47. Bc1 a2 48. Bd2 Rba3 49. Bc1 Rxc3 50. Rxc3 Bxd4 51. Bb2 Bxc3 52. Bxc3 Kxf4 53. Kd2 Kg3 54. Ke3 Kxg2 55. Kf4 Ra3 56. Bd4 Kxh3 57. Bc5 Rg3 58. Rxa2 c3 59. Rc2 Rg4+ 60. Kf3 Rc4 0-1


[Site "https://www.chess.com"]

[Event "Titled Tuesday Blitz February 14 Early 2023"]
[White "Korobov, Anton"]
[Black "Parkhov, Yair"]
[WhiteFideId "14105730"]
[BlackFideId "2813408"]
[WhiteElo "2664"]
[BlackElo "2505"]
[Result "0-1"]
[Round "03"]
[TimeControl "180+2"]
[Date "2023.02.15"]
[WhiteClock "0:00:17"]
[BlackClock "0:00:25"]

1. d4 d5 2. c4 e6 3. Nc3 Be7 4. cxd5 exd5 5. Bf4 Nf6 6. e3 Bf5 7. h3 O-O 8. g4 Bg6 9. h4 h5 10. g5 Ne4 11. Bd3 c5 12. Bxe4 Bxe4 13. Nxe4 dxe4 14. d5 Bd6 15. Nh3 g6 16. Qb3 Na6 17. a3 Rb8 18. Qa4 Re8 19. Rd1 Rc8 20. Qb5 c4 21. O-O Nc5 22. Rd4 a6 23. Qxc4 Ne6 24. dxe6 Rxc4 25. exf7+ Kxf7 26. Rxd6 Qc8 27. Kh2 Rd8 28. Rf6+ Ke7 29. Rxg6 Rc1 30. Rxc1 Qxc1 31. Be5 Rd1 32. Kg3 Rg1+ 33. Kf4 Rg4+ 34. Kf5 Qc8+ 0-1


[Site "https://www.chess.com"]

[Event "Titled Tuesday Blitz February 14 Early 2023"]
[White "Sadykov, Ramil"]
[Black "Sjugirov, Sanan"]
[WhiteFideId "24113590"]
[BlackFideId "4189302"]
[WhiteElo "2345"]
[BlackElo "2712"]
[Result "0-1"]
[Round "03"]
[TimeControl "180+2"]
[Date "2023.02.15"]
[WhiteClock "0:00:34"]
[BlackClock "0:00:35"]

1. e4 c5 2. Nf3 Nc6 3. Bb5 e6 4. Bxc6 bxc6 5. d3 Qc7 6. Qe2 e5 7. Nh4 Ne7 8. O-O Ng6 9. Nf5 d6 10. Qf3 f6 11. Nc3 Be6 12. b3 Qd7 13. Ne3 Be7 14. Qg3 O-O 15. Ne2 f5 16. exf5 Bxf5 17. Nxf5 Qxf5 18. h3 Bh4 19. Qe3 Rf7 20. Ng3 Qd7 21. Bd2 Raf8 22. Qe4 Nf4 23. Rae1 h6 24. a4 Rf6 25. Kh2 Bg5 26. Be3 Qe8 27. f3 d5 0-1


[Site "https://www.chess.com"]

[Event "Titled Tuesday Blitz February 14 Early 2023"]
[White "Chylewski, Patryk"]
[Black "Urazayev, Arystanbek"]
[WhiteFideId "1186191"]
[BlackFideId "13709810"]
[WhiteElo "2281"]
[BlackElo "2460"]
[Result "0-1"]
[Round "03"]
[TimeControl "180+2"]
[Date "2023.02.15"]
[WhiteClock "0:00:01"]
[BlackClock "0:01:28"]

1. e4 e6 2. d4 d5 3. Nd2 Be7 4. Bd3 c5 5. dxc5 a5 6. a4 Nf6 7. Qe2 Na6 8. Bb5+ Bd7 9. e5 Ng8 10. Ngf3 Nxc5 11. O-O Nh6 12. b3 O-O 13. Bb2 Nf5 14. Rfd1 Bxb5 15. Qxb5 Qc7 16. Rac1 Rac8 17. Nd4 Nxd4 18. Bxd4 Bg5 19. Qe2 Ne4 20. Nxe4 dxe4 21. Be3 Bxe3 22. Qxe3 Qxe5 23. Qb6 Rc7 24. Rd2 h5 25. Rcd1 h4 26. h3 Qc5 27. Qxc5 Rxc5 28. c4 Rc6 29. Rd7 Rb6 30. Rb1 Rc8 31. Rd4 f5 32. Kh2 Kf7 33. g3 hxg3+ 34. Kxg3 Kf6 35. h4 Ke5 36. Rd7 Rxc4 37. bxc4 Rxb1 38. Rxg7 Rb3+ 39. Kg2 f4 40. h5 f3+ 41. Kg3 Rb1 42. Rf7 Rg1+ 43. Kh4 Rg2 44. h6 Rxf2 45. h7 Rh2+ 46. Kg3 Rh1 47. Rxb7 Kd4 48. Rd7+ Kxc4 49. Rb7 e5 50. Kf2 Rh2+ 51. Kg3 Rh6 52. Kf2 Kc3 53. Ke3 Rh2 0-1


[Site "https://www.chess.com"]

[Event "Titled Tuesday Blitz February 14 Early 2023"]
[White "Papp, Levente"]
[Black "Predke, Alexandr"]
[WhiteFideId "751243"]
[BlackFideId "24107581"]
[WhiteElo "2353"]
[BlackElo "2685"]
[Result "1/2-1/2"]
[Round "03"]
[TimeControl "180+2"]
[Date "2023.02.15"]
[WhiteClock "0:00:05"]
[BlackClock "0:00:04"]

1. c4 c5 2. Nc3 Nc6 3. g3 g6 4. Bg2 Bg7 5. e4 d6 6. d3 Rb8 7. Nge2 a6 8. a4 Nf6 9. O-O O-O 10. Be3 Ng4 11. Bd2 Nge5 12. Be3 Nb4 13. Nc1 Ng4 14. Bd2 Bd4 15. N3e2 Bxb2 16. Rb1 Bg7 17. Bxb4 cxb4 18. Rxb4 Qa5 19. Qb3 Ne5 20. Rb6 Nc6 21. Rxc6 bxc6 22. Qxb8 Qxa4 23. Qc7 Bf6 24. e5 dxe5 25. Qxc6 Qa3 26. Qb6 Bf5 27. c5 Bxd3 28. c6 Bf5 29. c7 e4 30. Nf4 e6 31. Nb3 Be5 32. Rc1 Rc8 33. Qb7 Rxc7 34. Rxc7 Bxc7 35. Qc8+ Kg7 36. Qxc7 Qxb3 37. Qe5+ Kg8 38. Bxe4 Bxe4 39. Qxe4 a5 40. Qa8+ Kg7 41. Qxa5 Qb1+ 42. Kg2 Qe4+ 43. Kg1 e5 44. Ng2 h5 45. Qe1 Qd4 46. h4 f6 47. Qe3 Qa1+ 48. Ne1 Qa2 49. Kf1 Qa6+ 50. Qe2 Qc6 51. Ng2 Qc1+ 52. Ne1 Qc6 53. Kg1 Qd5 54. Qe3 Qd1 55. Kg2 Qd5+ 56. Qf3 e4 57. Qe3 Qc4 58. Kg1 f5 59. f3 Qc6 60. fxe4 fxe4 61. Ng2 Qc2 62. Nf4 Qd1+ 63. Kf2 Qc2+ 64. Qe2 Qc5+ 65. Kg2 Qe5 66. Qc2 Kh6 67. Qd2 Kg7 68. Qd7+ Kf6 69. Qd8+ Kg7 70. Qd7+ Kh6 71. Qc8 Qb2+ 72. Kh3 Qf6 73. Qd7 g5 74. hxg5+ Qxg5 75. Qe6+ Kg7 76. Qxe4 Qg4+ 77. Kh2 Kf6 78. Nd5+ Kg5 79. Qxg4+ Kxg4 80. Ne3+ Kf3 81. Kh3 Kxe3 82. g4 hxg4+ 83. Kxg4 1/2-1/2


[Site "https://www.chess.com"]

[Event "Titled Tuesday Blitz February 14 Early 2023"]
[White "Kamsky, Gata"]
[Black "Rojas Salas, Steven"]
[WhiteFideId "2000024"]
[BlackFideId "3819434"]
[WhiteElo "2665"]
[BlackElo "2217"]
[Result "1-0"]
[Round "03"]
[TimeControl "180+2"]
[Date "2023.02.15"]
[WhiteClock "0:00:16"]
[BlackClock "0:00:03"]

1. d4 Nf6 2. Bf4 d5 3. e3 a6 4. Nf3 e6 5. Nbd2 b5 6. c3 Nbd7 7. Bd3 Nh5 8. Bg5 Be7 9. Bxe7 Qxe7 10. Ne5 Nxe5 11. dxe5 g6 12. h4 Ng7 13. Qg4 h5 14. Qf4 c5 15. Nf3 Nf5 16. a4 b4 17. O-O Rb8 18. c4 dxc4 19. Qxc4 Bb7 20. Ng5 O-O 21. Rfc1 Rbc8 22. Qf4 Rfd8 23. Bc4 Rc7 24. e4 Nd4 25. Kh2 Kg7 26. Rg1 Bc8 27. Rac1 Rf8 28. Qg3 f6 29. exf6+ Rxf6 30. e5 Rf8 31. f3 Nf5 32. Qf2 Rd8 33. Rge1 Rd4 34. Re4 Rc6 35. Rce1 Bd7 36. g4 hxg4 37. fxg4 Nh6 38. Rxd4 cxd4 39. Qxd4 Rc7 40. b3 Bc8 41. Rf1 Qc5 42. Qf4 Qe7 43. Qf6+ Qxf6 44. exf6+ Kf8 45. Kg3 e5 46. Rd1 Rd7 47. Rxd7 Bxd7 48. Nh7+ Ke8 49. g5 Nf5+ 50. Kf2 Nd6 51. Bd3 Be6 52. Bxg6+ Kd7 53. Bc2 Bf5 54. Bxf5+ Nxf5 55. g6 Nh6 56. f7 Ng4+ 57. Ke2 Ke7 58. f8=Q+ 1-0


[Site "https://www.chess.com"]

[Event "Titled Tuesday Blitz February 14 Early 2023"]
[White "Ambartsumova, Karina"]
[Black "Remizov, Yaroslav"]
[WhiteFideId "4166299"]
[BlackFideId "34134015"]
[WhiteElo "2393"]
[BlackElo "2421"]
[Result "0-1"]
[Round "03"]
[TimeControl "180+2"]
[Date "2023.02.15"]
[WhiteClock "0:00:08"]
[BlackClock "0:02:10"]

1. c4 a6 2. Nf3 b6 3. g3 c6 4. Bg2 Ra7 5. d4 d6 6. Nc3 e6 7. e4 f6 8. O-O g5 9. e5 dxe5 10. dxe5 Qxd1 11. Rxd1 g4 12. Nd4 c5 13. Nc6 Nxc6 14. Bxc6+ Bd7 15. Rxd7 Rxd7 16. exf6 Nxf6 17. Bg5 Be7 18. Rd1 Kd8 19. Bxd7 Nxd7 20. Bf4 Bf6 21. Na4 Ke7 22. Bc7 Bd4 23. Nxb6 Nxb6 24. Bxb6 Rb8 0-1


[Site "https://www.chess.com"]

[Event "Titled Tuesday Blitz February 14 Early 2023"]
[White "Mendonca, Leon Luke"]
[Black "Ladan, Nicholas"]
[WhiteFideId "35028561"]
[BlackFideId "30918855"]
[WhiteElo "2603"]
[BlackElo "2228"]
[Result "0-1"]
[Round "03"]
[TimeControl "180+2"]
[Date "2023.02.15"]
[WhiteClock "0:00:09"]
[BlackClock "0:00:09"]

1. c4 e5 2. d3 Nc6 3. Nf3 Bc5 4. Nc3 d6 5. g3 a6 6. Bg2 h5 7. Bg5 f6 8. Bd2 g5 9. h3 Nge7 10. Ne4 Nf5 11. e3 Ba7 12. Qc2 Be6 13. O-O-O Qe7 14. Kb1 O-O-O 15. h4 g4 16. Ng1 d5 17. cxd5 Bxd5 18. Ne2 Qe6 19. Qa4 Nfe7 20. N2c3 Bxe4 21. Qxe4 f5 22. Qc4 Qxc4 23. dxc4 e4 24. Ne2 Ng6 25. Bc3 Rxd1+ 26. Rxd1 Rd8 27. Rxd8+ Kxd8 28. Bf1 Ke7 29. Kc2 Ke6 30. b4 Nce5 31. Nd4+ Bxd4 32. Bxd4 Nf3 33. Bc3 Ngxh4 34. c5 Ng6 35. Bc4+ Ke7 36. c6 b5 37. Bg8 Nge5 38. Kd1 Nxc6 39. Ke2 h4 40. gxh4 Nxh4 41. Bd5 Nb8 42. Bb7 Nf3 43. Bc8 Nd7 44. Bxa6 c6 45. Bb7 Kd6 46. Bc8 Kc7 47. Bxd7 Kxd7 48. Bf6 Ke6 49. Bg7 Kd5 50. Bf8 Kc4 51. Bc5 Kc3 52. Be7 Kb2 53. Kf1 Kxa2 54. Kg2 Ne1+ 55. Kg3 Nd3 56. Kh4 Kb3 57. Kg5 Nxb4 58. Kxf5 Nd5 59. Bd6 Nc3 60. Kxg4 b4 61. Kf4 Kc4 62. f3 b3 63. Ba3 exf3 64. Kxf3 Nb5 65. Bb2 Kd3 66. e4 c5 67. e5 c4 68. e6 c3 69. e7 Nc7 70. Ba3 b2 71. Bd6 Ne8 72. Bf4 b1=Q 73. Kg3 Qd1 74. Kh4 c2 75. Kg5 Ke4 76. Bc1 Qxc1+ 77. Kg6 Qf4 78. Kh7 c1=Q 79. Kh8 Qh1+ 80. Kg8 Qg5+ 81. Kf8 Qf6+ 82. Kxe8 Qhh8+ 83. Kd7 Qhg7 84. Kd8 Qgxe7+ 85. Kc8 Qff8# 0-1


[Site "https://www.chess.com"]